[Event "BL 2024-25"]
[Site "Austria"]
[Date "2024.10.09"]
[Round "1.1"]
[White "Deuer, Marius"]
[Black "Demchenko, Anton"]
[Result "0-1"]
[ECO "E69"]
[WhiteElo "2477"]
[BlackElo "2602"]
[Annotator "TA"]
[PlyCount "70"]
[EventDate "2024.08.28"]
[EventType "team-tourn"]
[EventCountry "AUT"]
[SourceTitle "playchess.com"]
[Source "ChessBase"]
[SourceQuality "1"]
[WhiteTeam "Salzburg"]
[BlackTeam "Frauental"]
[TimeControl "40/5400+30:1800+30"]

1. d4 Nf6 2. c4 g6 3. g3 Bg7 4. Bg2 O-O 5. Nc3 d6 6. Nf3 Nbd7 7. O-O e5 8. h3 Re8 9. e4 exd4 10. Nxd4 Nc5 11. Re1 a5 12. Qc2 a4 13. Be3 c6 14. Rad1 Nfd7 15. f4 Qa5 16. Bf2 Nf8 17. Rd2 Be6 18. Bf1 a3 {[%emt 0:11:27] White has an edge.} 19. b3 f5 $1 20. Bg2 Bd7 21. Rde2 ({Worse is} 21. exf5 Bxf5 22. Nxf5 Rxe1+ 23. Bxe1 Bxc3 24. Nh6+ (24. Nxd6 $2 {too greedy.} Bxd2 25. Bxd2 Qd8 $19) 24... Kg7 $19) (21. Kh2 $142) 21... Nfe6 $1 $11 22. e5 dxe5 23. fxe5 Rac8 24. Qd2 Rcd8 25. Nb1 Qxd2 26. Rxd2 {[%emt 0:01:26] [#]} Ne4 27. Nxe6 Bxe6 28. Bxe4 fxe4 29. g4 Bf8 $36 {[%emt 0:11:01][%mdl 2048] Black is pushing.} 30. Rxe4 Bb4 31. Rxd8 (31. Rdd4 $11 {remains equal.}) 31... Rxd8 $17 32. Rd4 Rf8 ({Black should play} 32... Rxd4 $1 $17 33. Bxd4 h5) 33. Re4 $2 {[%emt 0:05:20] [#]} (33. Kg2 $11) 33... c5 $1 {[%emt 0:00:32][%mdl 1024] Threatens to win with ...Rd8. Black has strong compensation. Black is more active.} 34. Be1 Rf3 {[%emt 0:02:20][%cal Of3b3] ...Rxb3! would now be deadly.} 35. Kg2 $2 {[%emt 0:01:37] [#]} (35. Bxb4 $17 cxb4 36. Nd2 Rxh3 37. Rd4) 35... Rxb3 $3 {[%emt 0:00:48][%mdl 512] Weighted Error Value: White=0.58/Black=0.18 (very precise) .  Loses game:     	White=1     	---        Mistake:       	White=3     	Black=2      Inaccurate:     	White=2     	Black=2      OK:         	White=4     	Black=3      Best:        	White=1     	Black=2      Strong:       	---       	Black=3      Brilliant:      	---       	Black=1} 0-1

[Event "BL 2024-25"]
[Site "Austria"]
[Date "2024.10.09"]
[Round "1.2"]
[White "Krivoborodov, Egor"]
[Black "Hacker, Jonas"]
[Result "1/2-1/2"]
[ECO "D00"]
[WhiteElo "2555"]
[BlackElo "2385"]
[Annotator "TA"]
[PlyCount "153"]
[EventDate "2024.08.28"]
[EventType "team-tourn"]
[EventCountry "AUT"]
[SourceTitle "playchess.com"]
[Source "ChessBase"]
[SourceQuality "1"]
[WhiteTeam "Frauental"]
[BlackTeam "Salzburg"]
[TimeControl "40/5400+30:1800+30"]

1. d4 Nf6 2. Nc3 d5 3. Bf4 c5 4. e4 Nxe4 5. Nxe4 dxe4 6. dxc5 Qa5+ 7. c3 {[%emt 0:05:02] aiming for b4.} Qxc5 8. Qa4+ Nc6 9. Qxe4 Bf5 10. Qc4 e5 11. Be3 Qa5 12. Nf3 Be6 13. Qb5 Qxb5 14. Bxb5 f6 15. Nd2 Kf7 16. O-O-O Be7 17. Nb3 Rac8 18. Kb1 a6 19. Be2 Rhd8 20. Nc5 Bxc5 21. Bxc5 Rd5 22. b4 Rcd8 23. Rxd5 Bxd5 24. f3 {[%emt 0:00:26] [#]} Bxa2+ $1 25. Kc2 (25. Kc1 a5) 25... Be6 26. Bb6 Rd6 27. Bc5 Rd7 28. Be3 Ne7 29. c4 Nf5 30. Bc5 Nd4+ 31. Bxd4 Rxd4 $17 {[%emt 0:01:16][%mdl 4096] Endgame. KRB-KRB} 32. Kc3 g5 33. h3 h5 34. Bd3 Ke7 35. Ra1 Kd7 36. Ra5 Rd6 37. c5 Rd4 38. b5 axb5 39. Rxb5 Bd5 40. Rb6 Bc6 41. Bb5 (41. Bf5+ $17 Kc7 42. Rb2) 41... Kc7 $1 $19 42. Bxc6 (42. Bd3) 42... bxc6 {[%emt 0:00:03] KR-KR} 43. Ra6 Kd7 44. Rb6 Ra4 45. Rb2 Rd4 46. Rb6 $1 h4 47. Ra6 Rd5 48. Kc4 Rd2 {[%emt 0:00:19] White must now prevent ...Rc2+.} 49. Kb4 $2 (49. Ra7+ {was called for.} Ke6 50. Ra8 Rd4+ (50... Rxg2 $2 51. Rc8 $19) 51. Kc3) 49... Rb2+ 50. Kc4 Rxg2 51. Ra7+ Ke6 52. Rc7 Rf2 53. Rxc6+ Kf5 54. Rd6 Rxf3 55. Rd1 Ra3 (55... Rxh3 56. c6 Rh2 57. Kb3 Rh3+ 58. Kb4 $11) 56. c6 {[%emt 0:00:00] c7 would kill now.} Ra8 (56... Rxh3 57. c7 Kg6 58. c8=Q (58. c8=R Rf3 $11) 58... Ra3 59. Qe8+ Kf5 60. Rf1+ Kg4 61. Qe6+ (61. Rxf6 Kh3 62. Qxe5 Ra4+ 63. Kb3 Rf4 64. Rxf4 gxf4 65. Qxf4 Kg2 66. Qxh4 Kf3) 61... f5 62. Qxf5+ Kh5 63. Qxe5) 57. Kc5 (57. Rc1 $142 Kf4 58. Kd5) 57... e4 {[%emt 0:00:43] ...Kf4 is the strong threat.} 58. c7 Rc8 59. Kd6 e3 {[%emt 0:01:40] Threatens to win with ...Kf4.} 60. Rf1+ Ke4 61. Rxf6 e2 {[%emt 0:00:00] ( -> ...Kd3)} 62. Kd7 {[%emt 0:00:00] [#]} Rxc7+ $3 63. Kxc7 {[%emt 0:00:00] [#] KR-K3P} Ke3 $2 ({And not} 63... e1=B 64. Re6+ Kf3 65. Rxe1 $11) (63... e1=Q 64. Re6+ Kf3 65. Rxe1 $11) ({Better is} 63... g4 $1 $19 64. Re6+ Kf3 65. hxg4 h3 66. Rf6+ Kxg4 67. Rg6+ Kf4 68. Rf6+ Ke5) 64. Re6+ $11 {[%emt 0:00:00] The position is equal.} Kf2 (64... Kd2 $5 65. Rd6+ $8 Ke3 66. Re6+ Kd3 67. Rd6+ Ke3 68. Re6+ $11) 65. Rf6+ $1 Kg2 66. Re6 Kxh3 {[%emt 0:01:28] Hoping for ...g4.} (66... Kf1 $5 67. Rf6+ $8 Kg2 $11) 67. Re3+ Kg2 68. Rxe2+ {[%emt 0:00:00] KR-KPP} Kf3 69. Rh2 Kg3 70. Ra2 h3 71. Kd6 h2 72. Ra1 Kf4 {[%emt 0:01:02] ...g4 would now be deadly.} (72... g4 $5 73. Ke5 $8 Kf3 74. Ra3+ Kg2 75. Ra2+ Kg3 $11) 73. Rh1 Kg3 74. Ke5 Kg2 75. Rxh2+ Kxh2 76. Kf5 Kg3 77. Kxg5 {[%emt 0:00:00] Whites escaped into a draw.   Weighted Error Value: White=0.32/Black=0.10 (very precise) .  Mistake:       	White=4     	---        Inaccurate:     	White=6     	---        OK:         	White=23    	Black=33     Best:        	White=8     	Black=6      Strong:       	White=2     	Black=1      Brilliant:      	---       	Black=1} 1/2-1/2

[Event "BL 2024-25"]
[Site "Austria"]
[Date "2024.10.09"]
[Round "1.3"]
[White "Goldbeck, Lars"]
[Black "Tratar, Marko"]
[Result "1/2-1/2"]
[ECO "A50"]
[WhiteElo "2372"]
[BlackElo "2374"]
[Annotator "RC"]
[PlyCount "71"]
[EventDate "2024.08.28"]
[EventType "team-tourn"]
[EventCountry "AUT"]
[SourceTitle "playchess.com"]
[Source "ChessBase"]
[SourceQuality "1"]
[WhiteTeam "Salzburg"]
[BlackTeam "Frauental"]
[TimeControl "40/5400+30:1800+30"]

1. d4 e6 2. c4 b6 3. a3 Bb7 4. Nc3 Nf6 5. d5 Bd6 6. e4 Be5 7. Nge2 exd5 8. cxd5 O-O 9. Bf4 Bxf4 10. Nxf4 c5 11. Bd3 d6 12. O-O Ba6 13. Re1 Re8 14. Bc2 Nbd7 15. Ba4 b5 16. Bc2 Qb6 17. b4 Rac8 18. Re3 Ne5 19. Rg3 Rc7 20. Nd3 cxb4 21. Nxb4 Bb7 22. Rb1 a6 23. Qd2 Rec8 24. Nba2 Qa5 25. a4 bxa4 26. Bxa4 Ba8 27. h3 Kf8 28. Kh2 h6 29. Bd1 Nc4 30. Qf4 Qc5 31. Be2 Ne5 32. Bxa6 Nh5 33. Qe3 Nxg3 34. Qxc5 Rxc5 35. Bxc8 Nxe4 36. Nxe4 1/2-1/2

[Event "BL 2024-25"]
[Site "Austria"]
[Date "2024.10.09"]
[Round "1.4"]
[White "Mohr, Georg"]
[Black "Hinterreiter, Markus"]
[Result "1-0"]
[ECO "D45"]
[WhiteElo "2381"]
[BlackElo "2269"]
[Annotator "RC"]
[PlyCount "71"]
[EventDate "2024.08.28"]
[EventType "team-tourn"]
[EventCountry "AUT"]
[SourceTitle "playchess.com"]
[Source "ChessBase"]
[SourceQuality "1"]
[WhiteTeam "Frauental"]
[BlackTeam "Salzburg"]
[TimeControl "40/5400+30:1800+30"]

1. Nf3 d5 2. c4 c6 3. e3 Nf6 4. Nc3 e6 5. d4 Nbd7 6. Qc2 Bd6 7. e4 Nxe4 8. Nxe4 dxe4 9. Qxe4 Bb4+ 10. Bd2 Bxd2+ 11. Nxd2 c5 12. dxc5 Qa5 13. a3 Qxc5 14. b4 Qc7 15. Be2 Nf6 16. Qe3 b6 17. O-O O-O 18. Rac1 Bb7 19. Bf3 Rac8 20. Bxb7 Qxb7 21. Nf3 Rfd8 22. Rfe1 Qd7 23. Ne5 Qd2 24. Qf3 Kf8 25. Qb7 Nd7 26. Nc6 Rxc6 27. Qxc6 Ne5 28. Qc7 f6 29. c5 Rd7 30. Qc8+ Kf7 31. c6 Rd5 32. h3 Qg5 33. Rc3 Qd2 34. Rce3 Rd6 35. Qb7+ Kg6 36. c7 1-0

[Event "BL 2024-25"]
[Site "Austria"]
[Date "2024.10.09"]
[Round "1.5"]
[White "Weber, Samuel"]
[Black "Schnider, Gert"]
[Result "1/2-1/2"]
[ECO "A34"]
[WhiteElo "2256"]
[BlackElo "2362"]
[Annotator "RC"]
[PlyCount "81"]
[EventDate "2024.08.28"]
[EventType "team-tourn"]
[EventCountry "AUT"]
[SourceTitle "playchess.com"]
[Source "ChessBase"]
[SourceQuality "1"]
[WhiteTeam "Salzburg"]
[BlackTeam "Frauental"]
[TimeControl "40/5400+30:1800+30"]

1. c4 Nf6 2. g3 c5 3. Bg2 d5 4. cxd5 Nxd5 5. Nc3 Nc7 6. a3 Nc6 7. Nf3 e6 8. d3 Be7 9. O-O O-O 10. Be3 e5 11. Na4 Ne6 12. Rc1 Qa5 13. Bd2 Qb5 14. Nc3 Qa6 15. Nd5 Bd6 16. b4 Bd7 17. Ng5 Nxg5 18. Bxg5 cxb4 19. axb4 Nxb4 20. Nc7 Bxc7 21. Rxc7 Bc6 22. Bxc6 Nxc6 23. Qb1 Nd4 24. Rxb7 Nxe2+ 25. Kg2 Nd4 26. Be3 Qd6 27. Bxd4 Qxd4 28. Qb3 a5 29. Qc4 Qd6 30. Ra1 a4 31. Rxa4 Rxa4 32. Qxa4 Qxd3 33. Qb3 Qe4+ 34. Qf3 Qc4 35. Re7 Qc5 36. Qb7 g6 37. Rd7 Qc4 38. Re7 Qc5 39. Rd7 Qc3 40. Qd5 h5 41. Re7 1/2-1/2

[Event "BL 2024-25"]
[Site "Austria"]
[Date "2024.10.09"]
[Round "1.6"]
[White "Skuhala, Jernej"]
[Black "Lomsadze, Irakly"]
[Result "1/2-1/2"]
[ECO "C65"]
[WhiteElo "2320"]
[BlackElo "2040"]
[Annotator "RC"]
[PlyCount "123"]
[EventDate "2024.08.28"]
[EventType "team-tourn"]
[EventCountry "AUT"]
[SourceTitle "playchess.com"]
[Source "ChessBase"]
[SourceQuality "1"]
[WhiteTeam "Frauental"]
[BlackTeam "Salzburg"]
[TimeControl "40/5400+30:1800+30"]

1. e4 e5 2. Nf3 Nc6 3. Bb5 Nf6 4. d3 Bc5 5. O-O Nd4 6. Nxd4 Bxd4 7. c3 Bb6 8. Nd2 c6 9. Ba4 O-O 10. Nc4 Bc7 11. Ne3 d5 12. Qf3 Be6 13. Nf5 Qd7 14. Nxg7 Kxg7 15. Bh6+ Kg6 16. Qe3 Nxe4 17. dxe4 Qe7 18. Bxf8 Qxf8 19. Qg3+ Kf6 20. Qh4+ Kg7 21. f4 exf4 22. exd5 Bxd5 23. Bc2 h6 24. Rxf4 Bxf4 25. Qxf4 Qc5+ 26. Kh1 Re8 27. Rf1 Qe3 28. Qf6+ Kg8 29. Bb3 Qg5 30. Qf2 a6 31. Bxd5 Qxd5 32. Qf4 Qe6 33. h3 Re7 34. Rf3 Kh7 35. a3 Qg6 36. Rg3 Qe6 37. Qb8 f5 38. Kh2 Qf7 39. b4 Re8 40. Qf4 Re4 41. Qd6 Re6 42. Qd3 Rg6 43. Rf3 Qa2 44. Qd7+ Kg8 45. Qe8+ Kh7 46. Rg3 Rxg3 47. Kxg3 Qxa3 48. Qf7+ Kh8 49. Qf8+ Kh7 50. Qxf5+ Kg7 51. Qe5+ Kf7 52. Kg4 Qa2 53. Qf4+ Kg7 54. Qd4+ Kf7 55. Qd7+ Kf6 56. Qd8+ Kf7 57. Qc7+ Kf6 58. Qf4+ Kg7 59. Qe5+ Kf7 60. Qf5+ Kg7 61. Qe5+ Kf7 62. Qf5+ 1/2-1/2

[Event "BL 2024-25"]
[Site "Austria"]
[Date "2024.10.09"]
[Round "1.7"]
[White "Kadric, Denis"]
[Black "Kozak, Adam"]
[Result "1/2-1/2"]
[ECO "C54"]
[WhiteElo "2558"]
[BlackElo "2600"]
[Annotator "TA"]
[PlyCount "86"]
[EventDate "2024.08.28"]
[EventType "team-tourn"]
[EventCountry "AUT"]
[SourceTitle "playchess.com"]
[Source "ChessBase"]
[SourceQuality "1"]
[WhiteTeam "Pinggau-Friedberg"]
[BlackTeam "Fuerstenfeld-Hartberg"]
[TimeControl "40/5400+30:1800+30"]

1. e4 e5 2. Nf3 Nc6 3. Bc4 Bc5 4. c3 Nf6 5. d3 h6 6. O-O d6 7. Nbd2 (7. b4 $5 Bb6 $8 8. a4 $11) 7... Bb6 8. a4 a6 9. Bb3 O-O 10. Re1 Be6 11. h3 Bxb3 12. Qxb3 Qd7 13. Nc4 Ba7 14. a5 (14. Qxb7 $2 Rfb8 $19) 14... Rfe8 15. Be3 (15. Qxb7 $2 {perishes.} Reb8 $19) 15... Rab8 16. Bxa7 Nxa7 17. Ncd2 Qe6 18. Qc2 (18. Qxe6 {simplifies} Rxe6 19. b4 Ree8 20. Nb3) 18... Nh5 19. d4 Nf4 20. Kh2 exd4 21. Nxd4 Qf6 22. Re3 Nc6 {[%emt 0:01:54] The position is equal.} 23. N2b3 Nxd4 24. Nxd4 Ne6 25. Nxe6 Rxe6 26. g3 Qg5 27. b4 Rbe8 28. Rae1 Qb5 29. Qd2 Qc6 30. Qd3 Re5 31. R1e2 Qb5 32. Qd4 R5e6 33. Re1 Rf6 34. Kg2 Rfe6 35. R1e2 Qc6 36. Kh2 b6 37. e5 dxe5 38. Rxe5 Rxe5 39. Rxe5 Rxe5 40. Qxe5 $11 {[%emt 0:00:02][%cal Ob4b5] KQ-KQ} f6 41. Qf5 bxa5 42. Qxa5 Qxc3 43. Qxa6 Qxb4 {[%emt 0:01:06] A balanced but interesting game.   Weighted Error Value: White=0.05 (flawless) /Black=0.05 (flawless) .  Inaccurate:     	White=1     	Black=1      OK:         	White=11    	Black=17} 1/2-1/2

[Event "BL 2024-25"]
[Site "Austria"]
[Date "2024.10.09"]
[Round "1.8"]
[White "Berkes, Ferenc"]
[Black "Petrov, Nikita"]
[Result "1/2-1/2"]
[ECO "E14"]
[WhiteElo "2604"]
[BlackElo "2589"]
[Annotator "TA"]
[PlyCount "93"]
[EventDate "2024.08.28"]
[EventType "team-tourn"]
[EventCountry "AUT"]
[SourceTitle "playchess.com"]
[Source "ChessBase"]
[SourceQuality "1"]
[WhiteTeam "Fuerstenfeld-Hartberg"]
[BlackTeam "Pinggau-Friedberg"]
[TimeControl "40/5400+30:1800+30"]

1. d4 Nf6 2. Nf3 d5 3. c4 e6 4. e3 b6 5. cxd5 exd5 6. Bd3 Bb7 7. O-O Bd6 8. b3 {[%emt 0:00:25] E14: Queen's Indian: Classical Variation (4 e3).} Qe7 9. Nc3 a6 10. Bb2 Nbd7 11. Rc1 Ne4 12. Rc2 O-O 13. Ne2 Rfe8 14. Nf4 $146 ({Predecessor:} 14. Ng3 g6 15. Qe2 f5 16. Rfc1 c5 17. Qf1 h6 18. Ne2 Kh7 19. Rd1 Qf7 20. Nc3 {1-0 Ehlvest,J (2613)-Zhigalko,S (2656) Vladimir Petrov Memorial op rapid 2013 (12)}) 14... Nf8 15. Re1 Ng6 16. Nxg6 hxg6 17. Ne5 Qe6 18. Qg4 Qxg4 19. Nxg4 g5 20. f3 Nf6 21. Ne5 c5 22. a4 cxd4 23. exd4 Nd7 24. Rce2 Bb4 25. Rd1 Nf8 26. Rc2 Rac8 27. Rdc1 Rxc2 28. Rxc2 Rc8 29. Rxc8 Bxc8 30. Kf2 Bd6 31. g3 Ne6 32. Ng4 f6 33. Ne3 Nc7 34. Bc3 a5 35. Bg6 Kf8 36. Ke2 Be6 37. Nf5 Ba3 38. Ne3 Bd6 39. Nf5 Ba3 40. h4 gxh4 41. Nxh4 Bd7 42. Nf5 Be8 43. Bxe8 Nxe8 44. g4 Kf7 45. Be1 g6 46. Ne3 Ke6 $1 47. Kd3 1/2-1/2

[Event "BL 2024-25"]
[Site "Austria"]
[Date "2024.10.09"]
[Round "1.9"]
[White "Erdos, Viktor"]
[Black "Samunenkov, Ihor"]
[Result "1-0"]
[ECO "B10"]
[WhiteElo "2538"]
[BlackElo "2533"]
[Annotator "TA"]
[PlyCount "67"]
[EventDate "2024.08.28"]
[EventType "team-tourn"]
[EventCountry "AUT"]
[SourceTitle "playchess.com"]
[Source "ChessBase"]
[SourceQuality "1"]
[WhiteTeam "Pinggau-Friedberg"]
[BlackTeam "Fuerstenfeld-Hartberg"]
[TimeControl "40/5400+30:1800+30"]

1. e4 c6 2. Nf3 d5 3. d3 dxe4 4. dxe4 Qxd1+ 5. Kxd1 Nf6 6. Nbd2 g6 7. Ne5 Bh6 8. Bc4 {[%emt 0:07:15] Die Stellung ist ausgeglichen.} O-O 9. Re1 Nfd7 10. Nxd7 Nxd7 11. Nb3 Bg7 12. c3 Ne5 13. Bf1 f5 14. f4 Ng4 15. e5 Nxh2 16. Bc4+ Kh8 17. a4 {[%emt 0:02:51][%cal Ba2a4,Ba4a5,Ba5a6][%mdl 1056] Weiss hat Kompensation.} Ng4 18. a5 e6 19. a6 b6 (19... b5 $14 20. Be2 g5) 20. Nd4 $36 {[%emt 0:00:11][%csl LRc6,LRe6][%mdl 2048] Läuft bei Weiss.} Re8 21. Nxc6 {[%emt 0:00:13] Weiß steht aktiver.} Bd7 22. Nd4 Bf8 23. Ke2 Bc5 ({Besser ist} 23... Rac8 24. Bb5 Rc7) 24. Bb5 Rad8 25. Bxd7 Rxd7 26. Nb5 Red8 (26... h5 $16 27. Rd1 Rg7) 27. b4 $18 Bf8 {[%emt 0:01:46] [#]} (27... Bf2 {ist wohl besser.} 28. Rf1 Bh4) 28. Ra2 $1 ({Nicht} 28. Nd4 Bxb4 29. Nxe6 Bxc3 30. Nxd8 Rxd8 $11) 28... g5 {[%emt 0:00:11] [#]} 29. Rd2 $1 ({Lieber nicht} 29. fxg5 Rd5 30. Nxa7 Rxe5+ 31. Kf1 Nh2+ 32. Kf2 Ng4+ 33. Kf1 Nh2+ 34. Kf2 Ng4+ 35. Kf1 $11) 29... gxf4 $2 (29... Rxd2+ 30. Bxd2 Bg7) 30. Rxd7 {[%emt 0:00:04] Weiß steht klar auf Gewinn.} Rxd7 31. Bxf4 Rd8 32. Rd1 Rc8 33. Rd7 Rc4 34. g3 {[%emt 0:02:40] Gewichteter Fehlerwert: Weiß=0.04 (makellos) /Schwarz=0.33.  Fehler:       	---       	Schwarz=5     Ungenau:       	---       	Schwarz=3     OK:         	Weiß=13    	Schwarz=10    Bester:       	Weiß=5     	---        Stark:        	Weiß=2     	---} 1-0

[Event "BL 2024-25"]
[Site "Austria"]
[Date "2024.10.09"]
[Round "1.10"]
[White "Gschnitzer, Adrian"]
[Black "Sankalp Gupta"]
[Result "0-1"]
[ECO "B12"]
[WhiteElo "2449"]
[BlackElo "2534"]
[Annotator "TA"]
[PlyCount "86"]
[EventDate "2024.08.28"]
[EventType "team-tourn"]
[EventCountry "AUT"]
[SourceTitle "playchess.com"]
[Source "ChessBase"]
[SourceQuality "1"]
[WhiteTeam "Fuerstenfeld-Hartberg"]
[BlackTeam "Pinggau-Friedberg"]
[TimeControl "40/5400+30:1800+30"]

1. e4 c6 2. d4 d5 3. e5 c5 4. Nf3 cxd4 5. Qxd4 Nc6 6. Qf4 f6 (6... e6 $11) 7. h4 (7. Bb5 $14) 7... fxe5 (7... e6 $15 {is superior.}) 8. Nxe5 $11 {[%emt 0:00:31] The position is equal.} Nxe5 9. Qxe5 {[%emt 0:00:12] And now Nc3 would win.} Nf6 10. h5 e6 11. h6 $1 g6 12. Bg5 Be7 13. Bb5+ Kf7 14. Nc3 $36 {[%emt 0:08:51][%mdl 2048] White has some pressure.} Rf8 15. O-O-O Kg8 16. Rhe1 {[%emt 0:17:22][%cal Oc3d5] Nxd5! is the strong threat.} Rf7 17. f4 Qb6 {[%emt 0:07:51] [#]} (17... Qf8 $14) 18. Be8 $1 Nxe8 19. Bxe7 {[%emt 0:00:31] Threatens to win with Ba3.} (19. Nxd5 $2 exd5 20. Bxe7 Qc6 21. Qxd5 Qxd5 22. Rxd5 Be6 $19 (22... Rxf4 $2 23. Rd8 $18)) 19... Bd7 $2 {[%emt 0:05:32] Black is weak on the dark squares} (19... Rxe7 $2 20. Nxd5 exd5 21. Qxe7 $18) (19... Qc7 $16) 20. Bg5 $2 (20. f5 $1 $18 {[%cal Rf5g6] Black must now prevent fxg6.} Rxf5 21. Rf1) 20... Nd6 21. b3 {[%emt 0:01:53][%cal Of4f5] Repels Nc4} Rc8 (21... Re8 $14) 22. Re2 (22. f5 $1 $16 Nxf5 23. g4) 22... Qc5 23. Rd3 b5 {[%emt 0:07:17] [#]} (23... Re8 $11) 24. Be7 $1 $16 Rxe7 {[%emt 0:01:02] [#]} 25. Nxd5 $1 Rf7 (25... exd5 $2 {loses.} 26. Qxe7 Nf5 27. Qxd7 $18) 26. b4 $2 (26. Nf6+ $16 {is forced if you want to stay better.} Rxf6 27. Qxf6) 26... Qc4 $17 27. Nf6+ {[%emt 0:02:08] [#]} ({Not} 27. Ne3 $2 Qxd3 28. Rd2 Qa3+ 29. Kd1 Nc4 (29... Ne8 $2 30. Rd4 $19) 30. Nxc4 Rxc4 $19 (30... bxc4 $2 31. c3 $19)) 27... Rxf6 $1 28. Qxf6 Ne8 {[%emt 0:00:05] Dodges Qg7+. Really sharp!} 29. Qd4 Qxd4 30. Rxd4 Nf6 31. g4 Kf7 32. Rd6 {[%emt 0:00:31] [#]} (32. Re5 $17) 32... Rc7 $1 $19 33. g5 Nd5 34. a3 Nb6 (34... Nxf4 $19 35. Re4 Nd5) 35. Re5 $17 Nc4 36. Rc5 {[%emt 0:00:02] [#]} Rb7 ({But not} 36... Rxc5 37. Rxd7+ Ke8 38. Rxh7 $11) 37. Rd3 Nb6 38. Rd4 Ke7 39. Kd1 (39. Re4 $17) 39... Nc4 $19 40. Ke2 Nxa3 41. Rd1 Nc4 42. Ra1 (42. Rd4 $142) 42... Nb6 43. Ra6 (43. Kd2 $142) 43... Nd5 {[%emt 0:00:00] Black used his chance.   Weighted Error Value: White=0.34/Black=0.26 (precise) .  Loses game:     	---       	Black=1      Missed win:     	White=1     	---        Mistake:       	White=7     	Black=6      Inaccurate:     	---       	Black=3      OK:         	White=12    	Black=14     Best:        	White=3     	Black=7      Strong:       	White=1     	---        Brilliant:      	White=2     	Black=1} 0-1

[Event "BL 2024-25"]
[Site "Austria"]
[Date "2024.10.09"]
[Round "1.11"]
[White "Perunovic, Milos"]
[Black "Schernthaner, David"]
[Result "1/2-1/2"]
[ECO "B95"]
[WhiteElo "2525"]
[BlackElo "2389"]
[Annotator "TA"]
[PlyCount "44"]
[EventDate "2024.08.28"]
[EventType "team-tourn"]
[EventCountry "AUT"]
[SourceTitle "playchess.com"]
[Source "ChessBase"]
[SourceQuality "1"]
[WhiteTeam "Pinggau-Friedberg"]
[BlackTeam "Fuerstenfeld-Hartberg"]
[TimeControl "40/5400+30:1800+30"]

1. e4 c5 2. Nf3 d6 3. d4 cxd4 4. Nxd4 Nf6 5. Nc3 a6 6. Bg5 e6 7. Qf3 Nbd7 8. O-O-O Qc7 9. Kb1 Be7 10. g4 b5 11. Bxf6 Nxf6 12. g5 Nd7 13. h4 b4 14. Nce2 Bb7 15. Ng3 Rc8 16. Bh3 Nc5 17. Rhe1 ({White should try} 17. Qe3 $14) 17... O-O 18. Qe3 Na4 19. Qb3 {Inhibits d5.} Nc5 20. Qe3 Na4 21. Qb3 Nc5 22. Qe3 Na4 {[%emt 0:00:30] Weighted Error Value: White=0.15 (very precise) /Black=0.15 (very precise) .  Mistake:       	White=1     	---        Inaccurate:     	White=1     	Black=3      OK:         	White=7     	Black=8} 1/2-1/2

[Event "BL 2024-25"]
[Site "Austria"]
[Date "2024.10.09"]
[Round "1.12"]
[White "Freitag, Manfred"]
[Black "Ivanisevic, Ivan"]
[Result "0-1"]
[ECO "C64"]
[WhiteElo "2340"]
[BlackElo "2519"]
[Annotator "TA"]
[PlyCount "50"]
[EventDate "2024.08.28"]
[EventType "team-tourn"]
[EventCountry "AUT"]
[SourceTitle "playchess.com"]
[Source "ChessBase"]
[SourceQuality "1"]
[WhiteTeam "Fuerstenfeld-Hartberg"]
[BlackTeam "Pinggau-Friedberg"]
[TimeControl "40/5400+30:1800+30"]

1. e4 e5 2. Nf3 Nc6 3. Bb5 a6 4. Ba4 Bc5 5. c3 Nge7 6. O-O Ba7 7. d4 Ng6 8. Bg5 f6 {[%emt 0:00:30] White is slightly better.} 9. Be3 O-O 10. d5 Nce7 11. d6 cxd6 12. Bxa7 Rxa7 13. Qxd6 b5 14. Bb3+ Kh8 15. a4 Rb7 16. Na3 (16. Qxa6 Nc6 17. axb5 Ra7 18. Qxa7 Nxa7 19. Rxa7 Qb6 $15) (16. Nbd2 $11 {remains equal.}) 16... Rb6 $17 17. Qd2 f5 18. Rad1 $2 {Now White is beyond hope.} (18. Ng5 $17 fxe4 19. Nf7+ Rxf7 20. Bxf7) 18... fxe4 $19 19. Ng5 d5 {[%emt 0:00:30] White must now prevent ...Nf4.} 20. Nxe4 {[#]} (20. a5 {was forced.} Rc6 21. Nxe4 (21. Bxd5 $2 {is the wrong capture.} Rd6 $19)) 20... Nf4 $1 21. Rfe1 $2 {White is weak on the light squares} (21. f3 {keeps fighting.}) 21... Rh6 {[%emt 0:00:30] Black is clearly winning.} 22. Qe3 bxa4 23. Ba2 Bg4 24. Ng3 Bxd1 25. Rxd1 Neg6 {[%emt 0:00:30] Weighted Error Value: White=0.64/Black=0.06 (flawless) .  Loses game:     	White=1     	---        Mistake:       	White=3     	---        Inaccurate:     	White=2     	Black=1      OK:         	White=7     	Black=7      Best:        	---       	Black=4      Strong:       	---       	Black=1} 0-1